Map: Ruins of Seras

Players

KCS - Winner!

  • Race: Zerg Zerg

oremj

  • Race: Protoss Protoss
  • League: Silver

VOD

Have the link to the VOD?

Description

Time

  • Played on: Nov. 11, 2015, 4:18 p.m.
  • Length: 16:24
Show
View Real Time Build Order
Export as new Build Order

KCS Zerg - Winner!

Build Orders: Hatch First 

Get SALT Encoding   

  12  0:01  Drone  
  13  0:09  Drone  
  14  0:36  Hatchery  
  14  0:42  Drone  
  14  0:57  Spawning Pool  
  14  1:00  Drone  
  14  1:05  Extractor  
  14  1:10  Overlord  
  13  1:16  Drone  
  14  1:30  Drone x2  
  16  1:44  Queen  
  16  1:45  Zergling x2  
  19  1:47  Zergling x2  
  19  1:52  Drone  
  21  2:01  Overlord  
  21  2:12  Drone  
  21  2:13  Drone  
  23  2:22  Queen  
  25  2:31  Drone  
  25  2:32  Drone  
  25  2:36  Metabolic Boost  
  27  2:57  Drone  
  27  2:58  Drone x4  
  32  3:13  Overlord  
  32  3:19  Overlord  
  32  3:20  Drone x2  
  32  3:26  Extractor  
  32  3:32  Hatchery  
  31  3:40  Queen  
  33  3:44  Drone x2  
  35  3:52  Lair  
  35  4:04  Drone x3  
  35  4:06  Evolution Chamber  
  35  4:07  Evolution Chamber  
  36  4:15  Drone  
  36  4:16  Drone x3  
  40  4:26  Drone x5  
  45  4:40  Drone x2  
  45  4:41  Drone  
  45  4:43  Extractor  
  45  4:44  Extractor  
  46  4:45  Queen  
  48  4:54  Zerg Missile Weapons Level 1, Zerg Ground Armor Level 1  
  48  5:00  Roach Warren  
  48  5:04  Overlord x2  
  44  5:36  Spore Crawler  
  44  5:38  Spore Crawler  
  44  5:40  Drone x6  
  48  5:54  Drone  
  48  5:55  Drone x7  
  56  5:58  Spore Crawler  
  56  5:59  Glial Reconstitution  
  56  6:03  Roach x4  
  63  6:07  Drone  
  63  6:08  Drone x3  
  67  6:11  Extractor  
  67  6:12  Extractor  
  67  6:18  Roach x4  
  72  6:31  Hydralisk Den  
  72  6:32  Overlord x2  
  71  6:33  Overlord  
  71  6:52  Queen  
  73  6:54  Queen  
  73  6:56  Roach  
  73  6:57  Roach x5  
  87  7:09  Queen  
  85  7:27  Spore Crawler, Queen  
  85  7:28  Spore Crawler  
  83  7:30  Hydralisk x2, Queen  
  83  7:34  Hydralisk  
  83  7:35  Hydralisk  
  85  8:18  Overlord  
  85  8:19  Overlord x4  
  83  8:31  Zerg Ground Armor Level 2, Zerg Missile Weapons Level 2  
  83  8:34  Muscular Augments  
  83  8:36  Queen x3  
  89  8:42  Hydralisk x6  
  89  8:45  Overlord  
  89  8:47  Drone  
  102  9:02  Drone x7  
  103  9:11  Roach  
  103  9:12  Roach x3  
  95  9:30  Hydralisk x4  
  95  9:31  Hydralisk x3  
  103  9:37  Hydralisk x2  
  113  9:43  Drone x5  
  118  9:54  Lurker Den  
  118  9:59  Hydralisk x2  
  118  10:02  Overlord x2  
  118  10:03  Overlord  
  122  10:19  Overlord x2  
  122  10:21  Hydralisk x4  
  122  10:22  Hydralisk x3  
  136  10:32  Hydralisk x4  
  120  10:47  Hydralisk  
  120  10:48  Hydralisk x5  
  132  11:17  Drone x3  
  132  11:18  Drone x5  
  140  11:24  Hatchery  
  139  11:36  Roach x3  
  139  11:37  Roach x8  
  139  11:39  Hatchery  
  160  11:54  Roach  
  162  12:07  Overlord x5  
  162  12:21  Overlord x4  
  162  12:48  Hydralisk, Roach x3  
  162  12:49  Hydralisk x8, Roach  
  188  12:52  Roach x5  
  188  12:54  Drone  
  197  13:17  Hydralisk x2  
  177  13:30  Hydralisk x2  
  177  13:31  Hydralisk x6  
  177  13:34  Spire  
  186  13:36  Drone x2  
  186  13:37  Drone x6  
  194  13:59  Extractor  
  194  14:01  Extractor  
  192  14:09  Extractor  
  187  14:13  Extractor  
  187  14:16  Hydralisk x8  
  154  14:26  Hydralisk x4  
  154  14:27  Hydralisk x9  
  166  14:55  Hydralisk  
  166  14:56  Hydralisk x10  
  150  15:18  Hydralisk x5  
  150  15:19  Corruptor x2  
  150  15:20  Corruptor  
  162  15:51  Hatchery  
  162  15:54  Hatchery  
Show
View Real Time Build Order
Export as new Build Order

oremj Protoss 

Build Orders: Oracle Opening 

Get SALT Encoding   

  12  0:01  Probe (Chrono Boost)  
  13  0:11  Probe (Chrono Boost)  
  14  0:23  Pylon  
  15  0:28  Probe (Chrono Boost)  
  15  0:42  Probe (Chrono Boost)  
  16  0:48  Gateway  
  16  0:52  Probe (Chrono Boost)  
  17  1:03  Probe (Chrono Boost)  
  18  1:12  Pylon  
  18  1:13  Probe (Chrono Boost)  
  19  1:23  Assimilator  
  19  1:28  Probe (Chrono Boost)  
  20  1:35  Cybernetics Core  
  20  1:39  Probe (Chrono Boost)  
  21  1:49  Probe (Chrono Boost)  
  22  1:56  Nexus  
  22  2:01  Probe (Chrono Boost)  
  22  2:07  Assimilator  
  23  2:12  Probe (Chrono Boost), Zealot  
  27  2:23  Probe (Chrono Boost)  
  27  2:29  Pylon  
  27  2:33  Probe (Chrono Boost)  
  28  2:39  Zealot  
  28  2:44  Probe (Chrono Boost)  
  31  2:56  Probe (Chrono Boost)  
  31  3:07  Adept  
  31  3:10  Stargate  
  31  3:12  Probe x2 (Chrono Boost), Pylon  
  34  3:22  Probe x2 (Chrono Boost)  
  37  3:34  Probe x2 (Chrono Boost), Pylon  
  38  3:44  Probe (Chrono Boost)  
  39  3:49  Probe (Chrono Boost)  
  40  3:56  Oracle (Chrono Boost)  
  40  3:57  Probe (Chrono Boost)  
  40  3:59  Probe (Chrono Boost)  
  45  4:08  Mothership Core (Chrono Boost)  
  45  4:09  Probe (Chrono Boost)  
  48  4:18  Assimilator  
  48  4:19  Probe  
  48  4:22  Assimilator  
  49  4:29  Pylon  
  49  4:31  Void Ray (Chrono Boost)  
  53  4:32  Gateway  
  53  4:33  Gateway  
  53  4:38  Probe  
  53  4:40  Probe  
  55  4:49  Probe  
  55  4:52  Probe  
  57  4:59  Probe  
  57  5:02  Pylon  
  57  5:03  Zealot  
  57  5:06  Warp Gate (Chrono Boost)  
  60  5:07  Probe  
  60  5:08  Void Ray (Chrono Boost)  
  60  5:13  Probe  
  66  5:28  Probe  
  66  5:29  Probe  
  68  5:38  Probe  
  68  5:41  Probe  
  70  5:45  Void Ray (Chrono Boost)  
  70  5:48  Nexus  
  70  5:49  Probe  
  71  5:53  Probe  
  73  5:59  Pylon  
  73  6:04  Pylon  
  73  6:05  Gateway  
  73  6:07  Gateway  
  73  6:08  Fleet Beacon, Probe  
  73  6:10  Probe  
  75  6:19  Probe  
  75  6:22  Probe  
  77  6:28  Void Ray  
  77  6:29  Probe  
  82  6:34  Probe  
  83  6:40  Robotics Facility  
  83  6:46  Probe  
  83  6:48  Probe  
  85  6:57  Probe  
  85  7:00  Probe  
  87  7:03  Assimilator  
  87  7:07  Probe, Assimilator  
  87  7:09  Probe  
  87  7:11  Void Ray  
  87  7:12  Probe  
  86  7:18  Probe  
  86  7:20  Probe  
  88  7:25  Probe  
  88  7:28  Probe  
  86  7:54  Void Ray  
  86  7:58  Stalker x3  
  90  7:59  Stalker x2  
  74  8:20  Probe x2  
  74  8:21  Probe  
  77  8:30  Probe x2, Zealot  
  77  8:31  Zealot x4  
  77  8:33  Probe  
  90  8:37  Void Ray  
  90  8:41  Probe x2  
  96  8:52  Zealot x5  
  106  8:59  Nexus  
  88  9:20  Void Ray  
  84  9:26  Zealot x2  
  84  9:27  Zealot x3  
  92  9:33  Stargate  
  92  9:36  Probe, Stargate  
  92  9:37  Probe, Protoss Air Weapons Level 1 (Chrono Boost)  
  92  9:38  Probe  
  95  9:45  Pylon  
  95  9:46  Pylon  
  95  9:50  Probe, Pylon  
  96  9:57  Zealot x5  
  96  9:59  Probe x2  
  106  10:02  Probe  
  106  10:03  Void Ray  
  106  10:04  Nexus  
  106  10:06  Pylon  
  113  10:07  Pylon  
  113  10:19  Void Ray  
  113  10:20  Carrier  
  123  10:33  Zealot x4, Assimilator  
  123  10:34  Zealot  
  107  10:41  Assimilator  
  97  10:46  Mothership Core  
  95  10:50  Void Ray  
  95  10:53  Probe  
  95  10:55  Probe  
  101  11:02  Void Ray  
  105  11:04  Probe  
  105  11:06  Probe  
  105  11:07  Probe  
  105  11:10  Assimilator  
  108  11:12  Assimilator  
  108  11:14  Probe  
  108  11:16  Protoss Air Armor Level 1 (Chrono Boost)  
  108  11:18  Probe  
  109  11:19  Probe  
  109  11:24  Forge  
  111  11:25  Probe  
  111  11:28  Probe  
  113  11:37  Carrier (Chrono Boost)  
  119  11:44  Carrier (Chrono Boost)  
  128  11:48  Carrier (Chrono Boost)  
  98  12:39  Nexus  
  98  12:50  Probe  
  98  12:52  Probe  
  102  13:08  Probe  
  102  13:09  Carrier (Chrono Boost)  
  84  13:31  Carrier (Chrono Boost)  
  84  13:32  Probe x2  
  84  13:42  Probe  
  84  13:43  Probe  
  86  14:01  Probe  
  86  14:03  Probe  
  68  14:32  Probe x3  
  75  14:50  Probe x3  
  73  15:00  Probe x2  
  73  15:06  Probe  
  71  15:11  Probe x2, Stargate  
  74  15:16  Probe  
  75  15:21  Probe x2  
  75  15:27  Probe  
  77  15:32  Probe  
  79  15:46  Probe x2  
  81  15:53  Probe  
  81  15:54  Assimilator  
  81  15:56  Probe  
  81  15:57  Probe, Assimilator  
  84  16:04  Probe  
  84  16:07  Probe x2  
Tags
 
Add a new tag
Caveats
  • Supply blocks, unpowered buildings, or Contaminate may cause inaccurate times.
  • Supply counts are checked every 10 seconds.